 Dungeon Crawl Stone Soup version 0.17.1-3-g152610e (webtiles) character file.

497 GFox the Covert (level 6, -11/30 HPs)
             Began as a Spriggan Assassin on Mar 1, 2016.
             Was a Believer of Nemelex Xobeh.
             Mangled by an orc warrior
             ... wielding a cursed -2 war axe
              (30 damage)
             ... on level 6 of the Dungeon on Mar 2, 2016.
             The game lasted 01:36:36 (6223 turns).

GFox the Covert (Spriggan Assassin)                 Turns: 6223, Time: 01:36:36

Health: -11/30     AC:  3    Str:  7    XL:     6   Next: 93%
Magic:  8/8        EV: 20    Int: 13    God:    Nemelex Xobeh [**....]
Gold:   178        SH:  0    Dex: 19    Spells: 0 memorised, 5 levels left

rFire  x x .     SeeInvis +     p - +2 dagger (drain)
rCold  + + .     Clarity  .     c - +0 robe
rNeg   . . .     SustAt   .     (shield restricted)
rPois  .         Gourm    .     (helmet restricted)
rElec  .         Spirit   .     d - +0 cloak
rCorr  .         Warding  .     (gloves unavailable)
rMut   +         Stasis   .     (boots unavailable)
MR     +....                    j - amulet of resist mutation
Stlth  +++++.....               o - ring of ice
                                h - ring of ice

@: very quick, somewhat resistant to hostile enchantments, quite stealthy
A: unfitting armour, see invisible, herbivore 3, speed 3, slow metabolism 2
a: Renounce Religion


You were on level 6 of the Dungeon.
You worshipped Nemelex Xobeh.
Nemelex Xobeh was pleased with you.
You were not hungry.

You visited 2 branches of the dungeon, and saw 7 of its levels.

You collected 202 gold pieces.
You spent 24 gold pieces at shops.

Inventory:

Hand Weapons
 b - a +0 blowgun
 p - a +2 dagger of draining (weapon)
Missiles
 l - 80 arrows (quivered)
 n - 4 needles of frenzy
Armour
 c - a +0 robe (worn)
 d - a +0 cloak (worn)
Jewellery
 h - a ring of ice (left hand)
 j - an amulet of resist mutation (around neck)
 o - a ring of ice (right hand)
Wands
 m - a wand of magic darts (27)
Scrolls
 k - 2 scrolls of teleportation
 u - 4 scrolls of remove curse
 w - a scroll of blinking {unknown}
 y - a scroll of magic mapping
 B - 2 scrolls of amnesia {unknown}
Potions
 a - a potion of might {unknown}
 i - 3 potions of curing
 s - a potion of cancellation {unknown}
 t - a potion of magic {unknown}
 x - a potion of heal wounds {unknown}
 z - 2 potions of flight {unknown}
Miscellaneous
 q - a legendary deck of destruction {drawn: 2}
 v - a plain deck of destruction {drawn: 1}
 A - a plain deck of war
Comestibles
 g - 4 bread rations
 r - 3 fruits


   Skills:
 + Level 2.1 Fighting
 + Level 2.3 Short Blades
 + Level 4.4 Throwing
 + Level 4.3 Dodging
 + Level 9.4 Stealth
 + Level 1.3 Evocations


You had 5 spell levels left.
You didn't know any spells.

Dungeon Overview and Level Annotations

Branches:
Dungeon (6/15)             Temple (1/1) D:5

Altars:
Ashenzari
Cheibriados
Dithmenos
Elyvilon
Fedhas
Gozag
Nemelex Xobeh
Okawaru
Qazlal
Ru
Trog
Vehumet
Xom
Yredelemnul
Zin

Shops:
D:4 ?


Innate Abilities, Weirdness & Mutations

You are tiny and cannot use many weapons and most armour.
You have supernaturally acute eyesight.
You are a herbivore.
You cover ground extremely quickly.
You need consume almost no food.


Message History

Press: ? - help, Shift-Dir - straight line, f - orc warrior
Aim: an orc warrior, wielding a war axe and wearing a plate armour (hasn't noticed you)
You shoot a needle of frenzy.
You catch the helpless orc warrior momentarily off-guard.
The needle of frenzy hits the orc warrior in a vulnerable spot!
The orc warrior flies into a frenzy!
The orc warrior hits something with a war axe!
You feel a bit more experienced.
The orc warrior moves out of view.
You feel a bit more experienced.
You start resting.
You feel a bit more experienced.
You start resting.
You feel a bit more experienced.
You start resting.
You hear a shout! x3
You sense an unholy aura.
p - a +2 dagger of draining (weapon)
The orc warrior hits you with a war axe!!
Ouch! That really hurt!
You die...
Your body disappears without a glow.

#......###.#########.##.###.#.#
#.....###.....................o
##.#.## #..####......(........#
#.#.# #..####.####.##########
####.#.# #.......# #.# *
.....#.# #..###### #.# *
...###.# #..# #.# *
##.###.####..#########.# *
#.............o@.....<# *
#####.#.##.####.#.##### ******
#.#.##.# #.#รท# *,,,,,
######.#.##.# #.#.# *,****
..........#.## #.#.# *,***,
#####.....#..# #.#.# *,,,,,
#.....##.# #.#.# *****,
#####.....##.# #.#.# *,
#............# #.#.##########
*,


You could see a neutral orc warrior (insane).

Vanquished Creatures
  An ogre (D:6)
  Blork the orc (D:6)
  2 centaur skeletons (D:4)
  A hound (D:5)
  A giant frog skeleton (D:5)
  3 worker ants
  5 adders
  An adder zombie (D:6)
  2 worms
  2 orcs
  5 bats
  7 goblins (D:1)
  12 hobgoblins
  3 jackals
  A giant cockroach (D:1)
  2 giant geckos (D:1)
  3 giant newts
  7 kobolds
  3 quokkas
  5 rats
67 creatures vanquished.

Vanquished Creatures (collateral kills)
  A black bear (D:6)
  A jelly (D:5)
  A gnoll (D:6)
  A shadow imp (D:5)
  4 orcs (D:6)
8 creatures vanquished.

Vanquished Creatures (others)
  A crimson imp (D:6)
1 creature vanquished.

Grand Total: 76 creatures vanquished

Notes
Turn   | Place    | Note
--------------------------------------------------------------
     0 | D:1      | GFox the Spriggan Assassin began the quest for the Orb.
     0 | D:1      | Reached XP level 1. HP: 10/10 MP: 2/2
    27 | D:1      | Reached skill level 6 in Stealth
   203 | D:1      | Reached XP level 2. HP: 13/15 MP: 3/3
   864 | D:1      | Reached XP level 3. HP: 18/18 MP: 4/4
   888 | D:1      | Reached skill level 7 in Stealth
  1766 | D:2      | Found a faded altar to an unknown god.
  2106 | D:2      | Found an opulent altar of Gozag.
  2187 | D:2      | Found a sparkling altar of Nemelex Xobeh.
  2194 | D:2      | Became a worshipper of Nemelex Xobeh the Trickster
  2205 | D:3      | Found a snail-covered altar of Cheibriados.
  2205 | D:3      | Received a gift from Nemelex Xobeh
  2524 | D:3      | Found a sparkling altar of Nemelex Xobeh.
  2648 | D:3      | Reached XP level 4. HP: 23/23 MP: 5/5
  3745 | D:4      | Reached * piety under Nemelex Xobeh
  3779 | D:4      | Reached skill level 8 in Stealth
  3890 | D:4      | Reached XP level 5. HP: 26/26 MP: 6/6
  3966 | D:4      | Found an iron altar of Okawaru.
  4059 | D:4      | Found Pimearij's Magic Scroll Boutique.
  4077 | D:4      | Bought a scroll of identify for 24 gold pieces
  4405 | D:5      | Entered Level 5 of the Dungeon
  4405 | D:5      | Received a gift from Nemelex Xobeh
  4602 | D:5      | Found a staircase to the Ecumenical Temple.
  4653 | Temple   | Entered the Ecumenical Temple
  4947 | D:5      | Found a basalt altar of Yredelemnul.
  5012 | D:5      | Found a white marble altar of Elyvilon.
  5162 | D:5      | Reached XP level 6. HP: 30/30 MP: 7/7
  5480 | D:5      | Received a gift from Nemelex Xobeh
  5678 | D:6      | Reached skill level 9 in Stealth
  5678 | D:6      | Reached skill level 1 in Evocations
  5683 | D:6      | Noticed Blork the orc
  5691 | D:6      | Killed Blork the orc
  5700 | D:6      | Found a stormy altar of Qazlal.
  5703 | D:6      | Noticed a fire elemental
  5704 | D:6      | Noticed a water elemental
  5704 | D:6      | Noticed an air elemental
  5764 | D:6      | Reached ** piety under Nemelex Xobeh
  6223 | D:6      | Mangled by an orc warrior

Action                   |  1- 3 |  4- 6 || total
-------------------------+-------+-------++-------
Melee: Dagger            |    10 |    60 ||    70
 Fire: Blowgun           |    72 |    45 ||   117
Throw: Throwing net      |     1 |       ||     1
Evoke: Deck              |       |     3 ||     3
       Wand              |       |     4 ||     4
  Use: Potion            |     1 |       ||     1
       Scroll            |     4 |     5 ||     9
 Stab: Sleeping          |    26 |    10 ||    36
       Distracted        |     1 |     2 ||     3
       Held in net/web   |     1 |       ||     1
  Eat: Royal jelly       |       |     1 ||     1
       Pizza             |       |     1 ||     1
